 Dungeon Crawl Stone Soup version 0.28.0-49-g6dfe1f597d (webtiles) character file.

Game seed: 11510061476164763637

354694 Exodus22XD the Hoplite (level 21, 0/210 HPs)
             Began as a Minotaur Fighter on May 14, 2022.
             Was the Champion of Okawaru.
             Killed from afar by a tengu reaver (27 damage)
             ... with a bolt of acid
             ... on level 5 of the Vaults.
             The game lasted 01:38:10 (44999 turns).

Exodus22XD the Hoplite (Minotaur Fighter)          Turns: 44999, Time: 01:38:14

Health: 0/210      AC: 44    Str: 36    XL:     21   Next: 36%
Magic:  32/32      EV: 10    Int:  7    God:    Okawaru [******]
Gold:   1142       SH: 31    Dex: 12    Spells: 20/20 levels left

rFire   + . .      SeeInvis +   a - +4 broad axe (flame)
rCold   . . .      Faith    .   U - +2 tower shield {rPois}
rNeg    . . .      Spirit   .   k - +2 crystal plate armour "Sevumuk" {Slay+3}
rPois   +          Reflect  +   T - +3 crown of Dyrovepreva {rElec Int+2 SInv}
rElec   +          Harm     .   W - +3 cloak "Ufaisum" {Str+6}
rCorr   .          Rampage  +   b - +0 pair of gloves of the Ecumenical Temple {rC+ Stlth+}
Will    +....      Rage     1%  m - +2 pair of boots {rampage}
Stlth   ..........              x - amulet of reflection
HPRegen 0.45/turn               o - +4 ring of slaying
MPRegen 0.23/turn               g - ring of Brilliance {Fire Slay+3}

@: lethally poisoned (0 -> -10), heroic, on berserk cooldown, studying Slings
A: horns 2, retaliatory headbutt, berserk 1
}: 2/15 runes: decaying, serpentine
a: Renounce Religion, Heroism, Finesse, Duel


You were on level 5 of the Vaults.
You worshipped Okawaru.
Okawaru was exalted by your worship.
You visited 7 branches of the dungeon, and saw 37 of its levels.
You visited the Abyss 1 time.
You visited 1 bazaar.
You also visited: Trove and Bailey.

You collected 3787 gold pieces.
You spent 2645 gold pieces at shops.

Inventory:

Hand Weapons
 a - a +4 broad axe of flaming (weapon)
 q - a +3 sacred scourge of holy wrath
 H - a +2 broad axe of holy wrath
 R - the +8 trident "Ywkyow Puarr" {vorpal, rF+ Int+3}
   (You found it on level 6 of the Lair of Beasts)

   It inflicts extra damage upon your enemies.
   Int:       It affects your intelligence (+3).
   rF:        It protects you from fire.
Armour
 b - the +0 pair of gloves of the Ecumenical Temple (worn) {rC+ Stlth+}
   (You found it on level 3 of the Dungeon)

   rC:        It protects you from cold.
   Stlth:     It makes you more stealthy.
 e - the +1 hat "Acziomyn" {rN+ Dex+2}
   (Okawaru gifted it to you on level 4 of the Swamp)

   Dex:       It affects your dexterity (+2).
   rN:        It protects you from negative energy.
 k - the +2 crystal plate armour "Sevumuk" (worn) {Slay+3}
   (You bought it in a shop in a bazaar)

   Slay:      It affects your accuracy & damage with ranged weapons and melee
   (+3).
 m - a +2 pair of boots of rampaging (worn)
 r - the +7 ring mail "Kexedoch" {Regen+ rCorr Dex+6 Stlth+}
   (You found it on level 12 of the Dungeon)

   Dex:       It affects your dexterity (+6).
   Regen:     It increases your rate of health regeneration.
   rCorr:     It protects you from acid and corrosion.
   Stlth:     It makes you more stealthy.
 w - a +4 plate armour of fire resistance
 T - the +3 crown of Dyrovepreva (worn) {rElec Int+2 SInv}
   (You found it in a treasure trove)

   Int:       It affects your intelligence (+2).
   rElec:     It insulates you from electricity.
   SInv:      It lets you see invisible.
 U - a +2 tower shield of poison resistance (worn)
 W - the +3 cloak "Ufaisum" (worn) {Str+6}
   (You found it in a treasure trove)

   Str:       It affects your strength (+6).
Jewellery
 g - the ring of Brilliance (right hand) {Fire Slay+3}
   (You acquired it on level 4 of the Snake Pit)

   [ring of fire]

   It enhances your fire magic.
   Slay:      It affects your accuracy & damage with ranged weapons and melee
   (+3).
   rF:        It protects you from fire.
   rC:        It makes you vulnerable to cold.
 o - a +4 ring of slaying (left hand)
 p - a ring of protection from cold
 x - an amulet of reflection (around neck)
 C - an amulet of regeneration
 O - the ring "Wioz" {rN++ Str+6}
   (You found it on level 6 of the Lair of Beasts)

   [ring of strength]

   Str:       It affects your strength (+6).
   rN:        It greatly protects you from negative energy.
 P - a ring of flight
 Z - the ring of Potokue {Will+ MP+9}
   (You found it on level 15 of the Dungeon)

   [ring of magical power]

   MP:        It affects your magic capacity (+9).
   Will:      It increases your willpower.
Wands
 c - a wand of paralysis (2)
 y - a wand of digging (3)
 z - a wand of acid (15)
 K - a wand of mindburst (29)
 Q - a wand of iceblast (25)
Scrolls
 f - 8 scrolls of teleportation
 i - 4 scrolls of enchant armour
 j - 2 scrolls of fear
 l - 8 scrolls of blinking
 t - 3 scrolls of torment
 u - 6 scrolls of fog
 v - 4 scrolls of silence
 B - a scroll of identify
 D - 9 scrolls of magic mapping
 M - 2 scrolls of holy word
 N - 4 scrolls of immolation
 S - 3 scrolls of vulnerability {unknown}
Potions
 d - a potion of might
 h - 2 potions of cancellation
 n - 10 potions of mutation
 s - a potion of invisibility
 A - 5 potions of magic
 E - a potion of resistance
 F - 5 potions of lignification
 G - 12 potions of curing
 I - 3 potions of berserk rage
 J - 3 potions of haste
 L - 5 potions of flight
 V - 5 potions of heal wounds
 X - 5 potions of ambrosia


   Skills:
 + Level 22.9(27) Fighting
 - Level 19.6(25.2) Axes
 + Level 5.8(19.0) Maces & Flails
 - Level 6.0(19.1) Polearms
 + Level 18.3(23.3) Armour
 + Level 23.3(27) Shields
 * Level 17.6 Invocations


You had 20 spell levels left.
You didn't know any spells.
Your spell library was empty.

Dungeon Overview and Level Annotations

Branches:
Dungeon (15/15)            Temple (1/1) D:4            Lair (6/6) D:9
  Swamp (4/4) Lair:3        Snake (4/4) Lair:3        Slime (0/5) Lair:5
    Orc (2/2) D:11            Elf (0/3) Orc:2        Vaults (5/5) D:13
  Crypt (0/3) Vaults:2     Depths (0/4) D:15         Bailey (visited)

Altars:
Ashenzari
Cheibriados
Dithmenos
Elyvilon
Fedhas
Gozag
Hepliaklqana
Kikubaaqudgha
Makhleb
Nemelex Xobeh
Okawaru
Qazlal
Ru
Sif Muna
Trog
Uskayaw
Vehumet
Wu Jian
Xom
Yredelemnul
Zin
The Shining One
Jiyva

Shops:
D:9 !(   Orc:2 :=![

Annotations:
D:2 1 runed translucent door, Crazy Yiuf
D:9 exclusion: ice statue


Innate Abilities, Weirdness & Mutations

You have a pair of horns on your head.
You reflexively headbutt those who attack you in melee.
You tend to lose your temper in combat.


Message History

The chaos spawn degenerates into a cloud of primal chaos!
The hell beast disappears in a puff of smoke!
The Hell Sentinel disappears in a puff of smoke!
You barely miss the golden dragon simulacrum.
A freezing mist starts to gather...
A deep elf demonologist simulacrum comes into view.
The tengu reaver points at you and mumbles some strange words.
The bolt of poison hits you!
You are poisoned.
You resist.
* * * LOW HITPOINT WARNING * * *
The cacodemon gestures at you.
Strange energies course through your body.
You feel a little pissed off.
The vault guard hits you but does no damage.
You slice the golden dragon simulacrum!!
You melt the golden dragon simulacrum.
You headbutt the golden dragon simulacrum.
The golden dragon simulacrum vaporises!
You are no longer berserk.
You are exhausted.
You feel yourself slow down.
You feel very sick.
The vault guard's soul is no longer bound.
You block the vault guard's attack.
Okay, then.
Your magical effects are unravelling.
You feel magically purged.
You feel yourself speed up.
You feel very sick.
The vault guard's soul is no longer bound.
The tengu reaver hits you but does no damage.
Space warps horribly around you!!
* * * LOW HITPOINT WARNING * * *
The deep elf demonologist casts a spell.
The ice devil is engulfed in seething chaos.
You block the vault guard's attack. x2
The tengu reaver gestures at you while chanting.
The bolt of acid hits you!!
You die...

..##....#....
...#....#...
#...........
######......Z.#####
...........4.......
.........4§e4......
......ZZ2QZ)......
...)..°2Z2))......
####..@epc....###
#.#...)°pZ....#
#.#.#.)Q.....#
#.#.##.Z..###...
#.#.#..§§# .... ##
##....# ... #....#
#....# ....#


You could see a cacodemon (summoned), 2 tengu reavers, a hell beast (summoned),
2 vault guards, a deep elf demonologist (soul bound, empowered), an orange demon
(summoned), a deep elf high priest (brilliance aura), a yaktaur (soul bound), an
ice devil (summoned), a hellion (summoned), a chaos spawn (summoned), a very
ugly thing simulacrum, a deep elf demonologist simulacrum, a vault guard
simulacrum, a glowing shapeshifter simulacrum, a vault sentinel simulacrum, a
titan zombie and a yaktaur captain skeleton.

Vanquished Creatures
  An ancient lich (Vaults:5)
  Mennas (Vaults:3)
  Bai Suzhen (Arena)
  Frederick (Vaults:3)
  Nikola (Swamp:2)
  A bone dragon (Abyss:3)
  2 golden dragons (Vaults:5)
  A tentacled monstrosity (Vaults:5)
  Jorgrun (Swamp:1)
  Rupert (Lair:3)
  2 liches
  2 tentacled starspawn (Abyss:3)
  The ghost of ang3lsp1der the Gelid, an adept DECj of Vehumet (Snake:4)
  A shadow dragon (Vaults:5)
  3 sphinxes
  Donald (Swamp:1)
  2 thorn hunters
  Agnes (D:15)
  A revenant (Vaults:2)
  A tengu reaver (Vaults:1)
  3 fire giants
  4 nagarajas
  A deep elf sorcerer (Vaults:5)
  Aizul (Snake:4)
  3 frost giants
  Louise (Snake:1)
  11 vault wardens
  2 orc warlords
  18 ironbound preservers
  3 war gargoyles
  6 ironbound thunderhulks
  2 stone giants (Vaults:5)
  18 very ugly things
  6 eleionomae
  A deep elf demonologist (Vaults:5)
  5 bunyips
  An entropy weaver (Vaults:4)
  Nessos (D:12)
  11 dire elephants
  3 ettins
  3 deep elf death magi
  Josephine (Orc:2)
  17 yaktaur captains
  A deep elf high priest (Vaults:3)
  16 naga warriors
  4 boulder beetles
  4 great orbs of eyes
  A shambling mangrove (Swamp:4)
  3 salamander tyrants
  2 ice dragons (D:15)
  2 peacekeepers
  26 vault guards
  2 ghost crabs
  A merfolk avatar (Lair:6)
  8 ironbound frosthearts
  13 anacondas
  2 ogre magi
  29 hydras
  5 two-headed ogres
  A death knight (D:11)
  5 centaur warriors
  3 death yaks (Lair:3)
  A deep troll earth mage (Vaults:1)
  A spriggan berserker (Swamp:4)
  A vampire mage (Vaults:2)
  3 thrashing horrors (Abyss:3)
  10 alligators
  A tengu warrior (D:13)
  13 spriggans
  14 naga sharpshooters
  4 shock serpents
  4 hell knights
  2 deep elf knights (D:12)
  A wretched star (Abyss:3)
  6 skeletal warriors
  2 large abominations (Abyss:3)
  8 salamander mystics
  41 deep trolls
  An entropy weaver zombie (Vaults:3)
  5 spriggan druids
  A deep elf archer (Vaults:3)
  14 swamp dragons
  3 sea snakes
  7 lindwurms
  6 goliath frogs
  9 naga ritualists
  A glowing orange brain (Vaults:4)
  13 wizards
  8 bog bodies
  9 orc knights
  5 harpies
  5 necromancers
  12 ironbound convokers
  2 phantasmal warriors
  5 deep elf pyromancers
  9 mana vipers
  A glowing shapeshifter (Vaults:1)
  2 oklob plants (Lair:4)
  2 human zombies
  46 ugly things
  2 cyclopes
  33 salamanders
  An elephant (shapeshifter) (Vaults:2)
  2 manticores
  43 black mambas
  15 naga magi
  7 elephants
  15 vault sentinels
  A water nymph (shapeshifter) (Vaults:1)
  A centaur zombie (D:11)
  10 guardian serpents
  An unseen horror (D:11)
  A smoke demon (Abyss:3)
  10 komodo dragons
  17 cane toads
  2 gargoyles
  An orange demon (Abyss:3)
  5 rime drakes
  Psyche (D:12)
  A freezing wraith (D:14)
  47 yaktaurs
  A demonic crawler (Abyss:3)
  An efreet (D:14)
  A komodo dragon (shapeshifter) (D:14)
  2 ice devils (D:11)
  An ancient zyme (Abyss:3)
  A tengu conjurer (D:13)
  2 polar bears (Lair:6)
  7 trolls
  9 tyrant leeches
  2 wind drakes (Lair:6)
  An ettin zombie (Vaults:3)
  15 hornets
  A meliai (shapeshifter) (D:13)
  A hornet (shapeshifter) (D:13)
  6 raiju (Abyss:3)
  2 snapping turtles (Lair:6)
  39 slime creatures
  18 blink frogs
  A flying skull (Vaults:2)
  A shadow (D:12)
  A culicivora (shapeshifter) (D:13)
  2 vampires (D:12)
  A spriggan (shapeshifter) (D:13)
  3 wyverns (D:9)
  30 yaks
  10 wraiths
  7 basilisks
  A steam dragon (Lair:3)
  19 vampire mosquitoes
  A redback (shapeshifter) (Vaults:1)
  A redback (Vaults:4)
  14 swamp worms
  Edmund (D:5)
  3 wargs (Orc:1)
  40 nagas
  An acid dragon (D:9)
  7 water moccasins
  47 orc warriors
  2 swamp drakes (Swamp:4)
  3 ice beasts
  2 sky beasts
  2 black bears
  13 ogres
  30 centaurs
  6 wolves (Lair:1)
  8 bullfrogs
  2 kobold brigands
  A wyvern zombie (D:7)
  A gnoll sergeant (D:10)
  A scorpion (Lair:4)
  4 wights (D:9)
  5 howler monkeys
  2 electric eels (Snake:1)
  5 crimson imps
  A bullfrog zombie (D:6)
  2 quasits (Abyss:3)
  A jelly (D:6)
  A hound (D:4)
  9 orc priests
  2 bullfrog skeletons
  2 gnoll shamans
  3 iguanas
  19 orc wizards
  A hound skeleton (D:4)
  A howler monkey zombie (D:7)
  6 adders
  2 howler monkey skeletons (D:6)
  17 gnolls
  3 white imps (D:6)
  An ufetubus (D:6)
  2 adder skeletons
  A worm (D:4)
  2 dart slugs (D:3)
  111 orcs
  4 bats
  4 endoplasms
  A giant cockroach (D:3)
  8 goblins
  A hobgoblin (D:3)
  10 kobolds
  2 quokkas
  2 ball pythons
  3 frilled lizards
  2 rats
  A spectral goblin (D:15)
  3 starspawn tentacles (Abyss:3)
1386 creatures vanquished.

Vanquished Creatures (others)
  A deep elf knight (D:12)
  A salamander (shapeshifter) (Vaults:5)
  2 bloated husks
  An orc warrior (Orc:2)
  An electric eel (Snake:1)
  30 fungi
  36 plants
  3 starspawn tentacles (Abyss:3)
75 creatures vanquished.

Grand Total: 1461 creatures vanquished

Notes
Turn   | Place    | Note
-------+----------+-------------------------------------------
     0 | D:1      | Exodus22XD the Minotaur Fighter began the quest for the
                  | Orb.
     0 | D:1      | Reached XP level 1. HP: 19/19 MP: 0/0
  1119 | D:2      | Reached XP level 2. HP: 25/27 MP: 1/1
  1182 | D:2      | Found a runed translucent door.
  1183 | D:2      | Noticed Crazy Yiuf
  1374 | D:2      | Identified the +1 cloak "Lezymeru" {+Inv rPois}
  1613 | D:3      | Reached skill level 4 in Shields
  1718 | D:3      | Reached XP level 3. HP: 33/33 MP: 2/2
  1723 | D:3      | Identified the +0 pair of gloves of the Ecumenical Temple
                  | {rC+ Stlth+}
  2213 | D:3      | Found a stormy altar of Qazlal.
  2346 | D:4      | Reached XP level 4. HP: 40/40 MP: 3/3
  2354 | D:4      | Reached XP level 5. HP: 23/46 MP: 4/4
  2526 | D:4      | Reached skill level 5 in Armour
  2638 | D:4      | Reached skill level 5 in Axes
  2701 | D:4      | Noticed an ice beast
  2709 | D:4      | Killed an ice beast
  2710 | D:4      | Reached XP level 6. HP: 48/53 MP: 5/5
  2778 | D:4      | Found a white marble altar of Elyvilon.
  2806 | D:4      | Found a staircase to the Ecumenical Temple.
  2812 | Temple   | Entered the Ecumenical Temple
  2870 | Temple   | Became a worshipper of Warmaster Okawaru
  3145 | D:5      | Entered Level 5 of the Dungeon
  3179 | D:5      | Noticed Edmund
  3188 | D:5      | Killed Edmund
  3306 | D:5      | Reached XP level 7. HP: 60/60 MP: 6/6
  3428 | D:5      | Found a shadowy altar of Dithmenos.
  3520 | D:5      | Found a sparkling altar of Nemelex Xobeh.
  3998 | D:6      | Reached * piety under Okawaru
  4061 | D:6      | Reached skill level 1 in Invocations
  4104 | D:6      | Reached skill level 5 in Fighting
  4208 | D:6      | Reached XP level 8. HP: 68/68 MP: 8/8
  4399 | D:6      | Found a blossoming altar of Fedhas.
  4691 | D:7      | Reached ** piety under Okawaru
  4917 | D:7      | Found a flagged portal.
  4944 | Bailey   | Entered a bailey
  5291 | Bailey   | Reached XP level 9. HP: 75/75 MP: 10/10
  5296 | Bailey   | Noticed an orc knight
  5388 | Bailey   | Noticed an orc knight
  5398 | Bailey   | Killed an orc knight
  5398 | Bailey   | Reached *** piety under Okawaru
  5399 | Bailey   | Reached XP level 10. HP: 68/84 MP: 8/11
  5507 | D:7      | Noticed a cyclops
  5763 | D:7      | Found a burning altar of Makhleb.
  6103 | D:8      | Reached skill level 5 in Shields
  6141 | D:8      | Noticed a manticore
  6158 | D:8      | Killed a manticore
  6535 | D:8      | Found a hazy altar of Hepliaklqana.
  6537 | D:8      | Found a glowing silver altar of Zin.
  6639 | D:9      | Noticed an ice statue
  6645 | D:9      | Reached **** piety under Okawaru
  6675 | D:9      | Found Xesumiut's Distillery.
  6794 | D:9      | Reached skill level 5 in Invocations
  6818 | D:9      | Bought a potion of cancellation for 96 gold pieces
  6818 | D:9      | Bought a potion of haste for 120 gold pieces
  6818 | D:9      | Bought a potion of curing for 36 gold pieces
  6818 | D:9      | Bought a potion of might for 48 gold pieces
  7013 | D:9      | Reached ***** piety under Okawaru
  7084 | D:9      | Found Jutewef's Firing Range.
  7181 | D:9      | Found a shimmering altar of Xom.
  7308 | D:9      | Reached XP level 11. HP: 83/92 MP: 13/13
  7340 | D:9      | Found a staircase to the Lair.
  7491 | D:10     | Entered Level 10 of the Dungeon
  7621 | D:10     | Identified the +4 robe of Inviolability {rC- rN+ Will+
                  | MP+9} (Okawaru gifted it to you on level 10 of the Dungeon)
  7621 | D:10     | Received a gift from Okawaru
  7864 | D:10     | Reached skill level 6 in Shields
  7905 | D:10     | Identified the +1 chain mail of the Tuna {Int+2 Dex+4}
  8343 | D:11     | Noticed a four-headed hydra
  8389 | D:11     | Identified the +1 scale mail of Honesty {Str+4}
  8392 | D:11     | Found a portal to a secret trove of treasure.
  8513 | Lair:1   | Entered Level 1 of the Lair of Beasts
  8560 | Lair:1   | Noticed a six-headed hydra
  8906 | D:9      | Killed a six-headed hydra
  8993 | Lair:1   | Reached skill level 10 in Armour
  9538 | Lair:2   | Reached skill level 1 in Maces & Flails
  9580 | Lair:2   | Reached XP level 12. HP: 93/105 MP: 16/16
  9605 | Lair:2   | Noticed a six-headed hydra
  9616 | Lair:2   | Killed a six-headed hydra
  9730 | Lair:2   | Noticed an eight-headed hydra
  9739 | Lair:2   | Killed an eight-headed hydra
 10153 | Lair:3   | Identified a scroll of acquirement
 10154 | Lair:3   | Acquired a +1 broad axe of holy wrath
 10191 | Lair:3   | Noticed an eight-headed hydra
 10207 | Lair:3   | Killed an eight-headed hydra
 10217 | Lair:3   | Reached ****** piety under Okawaru
 10329 | Lair:3   | Noticed a death yak
 10330 | Lair:3   | Noticed a death yak
 10332 | Lair:3   | Noticed a death yak
 10336 | Lair:3   | Reached skill level 10 in Fighting
 10342 | Lair:3   | Killed a death yak
 10343 | Lair:3   | Reached skill level 7 in Shields
 10345 | Lair:3   | Killed a death yak
 10350 | Lair:3   | Killed a death yak
 10378 | Lair:3   | Noticed a boulder beetle
 10402 | Lair:3   | Killed a boulder beetle
 10492 | Lair:3   | Noticed Rupert
 10493 | Lair:3   | Found a staircase to the Swamp.
 10499 | Lair:3   | Killed Rupert
 10499 | Lair:3   | Identified the +10 falchion "Plog" {vorpal, rN+ Int+4}
                  | (Okawaru gifted it to you on level 3 of the Lair of Beasts)
 10499 | Lair:3   | Received a gift from Okawaru
 10612 | Lair:3   | Found a staircase to the Snake Pit.
 11089 | Lair:4   | Noticed a six-headed hydra
 11105 | Lair:4   | Killed a seven-headed hydra
 11412 | Lair:4   | Noticed a six-headed hydra
 11422 | Lair:4   | Killed a six-headed hydra
 11423 | Lair:4   | Reached XP level 13. HP: 82/115 MP: 18/18
 11774 | Lair:4   | Found a blossoming altar of Fedhas.
 12458 | Lair:5   | Found a viscous altar of Jiyva.
 12458 | Lair:5   | Found a staircase to the Slime Pits.
 12472 | Lair:5   | Identified the +5 plate armour "Hasyer" {rPois} (Okawaru
                  | gifted it to you on level 5 of the Lair of Beasts)
 12472 | Lair:5   | Received a gift from Okawaru
 12481 | Lair:5   | Reached skill level 5 in Maces & Flails
 12991 | Lair:6   | Entered Level 6 of the Lair of Beasts
 14157 | Lair:6   | Reached skill level 8 in Shields
 14696 | Lair:6   | Reached XP level 14. HP: 113/127 MP: 20/20
 14761 | Lair:6   | Identified the ring "Wioz" {rN++ Str+6}
 14763 | Lair:6   | Identified the +8 trident "Ywkyow Puarr" {vorpal, rF+
                  | Int+3}
 15081 | D:11     | Received a gift from Okawaru
 15312 | D:11     | Found a staircase to the Orcish Mines.
 15559 | D:11     | Found a glowing golden altar of the Shining One.
 15755 | Orc:1    | Entered Level 1 of the Orcish Mines
 15770 | Orc:1    | You fall into a shaft and drop 1 floor!
 15770 | Orc:2    | Entered Level 2 of the Orcish Mines
 15878 | Orc:1    | Found a radiant altar of Vehumet.
 15933 | Orc:1    | Reached skill level 10 in Invocations
 16279 | Orc:1    | Noticed an orc warlord
 16289 | Orc:1    | Killed an orc warlord
 17269 | Orc:2    | Received a gift from Okawaru
 17592 | Orc:2    | Found a staircase to the Elven Halls.
 17936 | Orc:2    | Noticed Josephine
 17950 | Orc:2    | Killed Josephine
 18014 | Orc:2    | Reached skill level 9 in Shields
 18044 | Orc:2    | Found Jirigasoe's Jewellery Boutique.
 18044 | Orc:2    | Found Osirum's Distillery.
 18055 | Orc:2    | Found Luteu's Armour Shoppe.
 18057 | Orc:2    | Found Saoha's Book Shop.
 18537 | Orc:2    | Bought a potion of heal wounds for 60 gold pieces
 18537 | Orc:2    | Bought a potion of heal wounds for 60 gold pieces
 18541 | Orc:2    | Bought a potion of resistance for 120 gold pieces
 19044 | D:9      | Bought a potion of curing for 36 gold pieces
 19044 | D:9      | Bought a potion of resistance for 120 gold pieces
 19044 | D:9      | Bought a potion of curing for 36 gold pieces
 19239 | Orc:2    | Bought a ring of flight for 280 gold pieces
 19368 | D:11     | You paid a toll of 5 potions of resistance to enter a
                  | treasure trove
 19369 | Trove    | Entered a treasure trove
 19371 | Trove    | Found the +3 crown of Dyrovepreva {rElec Int+2 SInv}
 19372 | Trove    | Found the +3 hat of Pondering {ponderous, Will+ MP+10
                  | Int+5}
 19381 | Trove    | Identified the +1 leather armour of Omission {Int+3}
 19384 | Trove    | Identified the +3 cloak "Ufaisum" {Str+6}
 19391 | Trove    | Identified the +2 ring mail of Xom's Regard {Dex+4 Stlth+}
 19618 | Snake:1  | Entered Level 1 of the Snake Pit
 19626 | Snake:1  | Noticed Louise
 19650 | Snake:1  | Killed Louise
 19897 | Snake:1  | Reached skill level 10 in Shields
 20057 | Snake:1  | Received a gift from Okawaru
 20483 | Snake:1  | Reached XP level 15. HP: 138/138 MP: 22/22
 21260 | Snake:2  | Reached skill level 11 in Shields
 21293 | Snake:2  | Identified the +5 glaive of Earthquakes {elec, Int+4}
 22136 | Snake:2  | Noticed a nagaraja
 22147 | Snake:2  | Killed a nagaraja
 22482 | Snake:2  | Reached skill level 12 in Shields
 23114 | Snake:3  | Identified the +2 hand axe of Facsenge {vorpal, rC- rCorr
                  | Str-2 Dex+7} (Okawaru gifted it to you on level 3 of the
                  | Snake Pit)
 23114 | Snake:3  | Received a gift from Okawaru
 23695 | Snake:3  | Reached skill level 15 in Fighting
 23915 | Snake:3  | Reached skill level 13 in Shields
 24291 | Snake:3  | Received a gift from Okawaru
 24345 | Snake:4  | Entered Level 4 of the Snake Pit
 24361 | Snake:4  | Reached skill level 15 in Armour
 24370 | Snake:4  | Reached XP level 16. HP: 81/149 MP: 18/24
 24384 | Snake:4  | Noticed Aizul
 24398 | Snake:4  | Noticed Bai Suzhen
 24398 | Arena    | Entered the Arena
 24410 | Arena    | Killed Bai Suzhen
 24411 | Arena    | Reached skill level 14 in Shields
 24429 | Snake:4  | Killed Aizul
 24897 | Snake:4  | Identified the +1 chain mail "Duokloto" {+Blink} (Okawaru
                  | gifted it to you on level 4 of the Snake Pit)
 24897 | Snake:4  | Received a gift from Okawaru
 25598 | Snake:4  | Reached skill level 15 in Shields
 25842 | Snake:4  | HP: 6/152 [poisoned by a nagaraja (poison arrow)]
 25843 | Arena    | Entered the Arena
 26491 | Snake:4  | Identified the -4 hat of Empazal {Drain Str+7 Dex+4}
                  | (Okawaru gifted it to you on level 4 of the Snake Pit)
 26491 | Snake:4  | Received a gift from Okawaru
 27338 | Snake:4  | Found a large runed translucent door.
 27338 | Snake:4  | Found a large runed translucent door.
 27339 | Snake:4  | Noticed ang3lsp1der's ghost (adept DECj)
 27922 | Snake:4  | Got a serpentine rune of Zot
 28002 | Snake:4  | Killed ang3lsp1der's ghost
 28011 | Snake:4  | Acquired the ring of Brilliance {Fire Slay+3}
 28186 | Swamp:1  | Entered Level 1 of the Swamp
 28186 | Swamp:1  | Noticed a thorn hunter
 28196 | Swamp:1  | Killed a thorn hunter
 28215 | Swamp:1  | Reached skill level 16 in Shields
 28225 | Swamp:1  | Reached XP level 17. HP: 152/160 MP: 26/26
 28652 | Swamp:1  | Noticed Jorgrun
 29083 | Swamp:1  | Killed Jorgrun
 29209 | Swamp:1  | Noticed Donald
 29215 | Swamp:1  | Killed Donald
 29452 | Swamp:2  | Reached skill level 1 in Polearms
 29476 | Swamp:2  | Noticed Nikola
 30024 | Swamp:2  | Killed Nikola
 30268 | Swamp:2  | Found a basalt altar of Yredelemnul.
 30802 | Swamp:3  | Received a gift from Okawaru
 30803 | Swamp:3  | Reached skill level 17 in Shields
 31251 | Swamp:3  | Identified the +3 leather armour of Insurance {rElec rCorr}
 31701 | Swamp:4  | Entered Level 4 of the Swamp
 31761 | Swamp:4  | Reached skill level 5 in Polearms
 31795 | Swamp:4  | Identified the +0 war axe "Ajeej" {antimagic, SInv}
                  | (Okawaru gifted it to you on level 4 of the Swamp)
 31795 | Swamp:4  | Received a gift from Okawaru
 32269 | Swamp:4  | Got a decaying rune of Zot
 32354 | Swamp:4  | Identified the +1 hat "Acziomyn" {rN+ Dex+2} (Okawaru
                  | gifted it to you on level 4 of the Swamp)
 32354 | Swamp:4  | Received a gift from Okawaru
 32499 | Swamp:4  | Reached XP level 18. HP: 141/171 MP: 27/27
 33240 | D:12     | Noticed Psyche
 33247 | D:12     | Killed Psyche
 33254 | D:12     | Reached skill level 18 in Shields
 33581 | D:12     | Identified the +7 ring mail "Kexedoch" {Regen+ rCorr Dex+6
                  | Stlth+}
 33589 | D:12     | Noticed Nessos
 33595 | D:12     | Killed Nessos
 34522 | D:13     | You fall into a shaft and drop 2 floors!
 34522 | D:15     | Entered Level 15 of the Dungeon
 34624 | D:15     | Identified the ring of Potokue {Will+ MP+9}
 35072 | D:15     | Found a hazy altar of Hepliaklqana.
 35265 | D:15     | Found a staircase to the Depths.
 35337 | D:15     | Noticed Agnes
 35358 | D:15     | Killed Agnes
 35762 | D:14     | Reached skill level 15 in Invocations
 35813 | D:14     | Found a shimmering blue altar of Sif Muna.
 36735 | D:13     | Found a gate to the Vaults.
 36743 | Vaults:1 | Entered Level 1 of the Vaults
 36758 | Vaults:1 | Reached skill level 19 in Shields
 36972 | Vaults:1 | Identified the +10 hunting sling "Ogreslayer" {flame, rElec
                  | rPois rC-} (Okawaru gifted it to you on level 1 of the
                  | Vaults)
 36972 | Vaults:1 | Received a gift from Okawaru
 37264 | Vaults:1 | Found a huge runed gate.
 37264 | Vaults:1 | Found a huge runed gate.
 37264 | Vaults:1 | Found a huge runed gate.
 37264 | Vaults:1 | Found a huge runed gate.
 37264 | Vaults:1 | Found a huge runed gate.
 37264 | Vaults:1 | Found a huge runed gate.
 37265 | Vaults:1 | Found a huge runed gate.
 37265 | Vaults:1 | Found a huge runed gate.
 37266 | Vaults:1 | Found a huge runed gate.
 37266 | Vaults:1 | Found a huge runed gate.
 37269 | Vaults:1 | Found a huge runed gate.
 37269 | Vaults:1 | Found a huge runed gate.
 37269 | Vaults:1 | Found a huge runed gate.
 37269 | Vaults:1 | Found a huge runed gate.
 37269 | Vaults:1 | Found a huge runed gate.
 37269 | Vaults:1 | Found a huge runed gate.
 37270 | Vaults:1 | Found a huge runed gate.
 37271 | Vaults:1 | Found a huge runed gate.
 37272 | Vaults:1 | Found a huge runed gate.
 37280 | Vaults:1 | Found a huge runed gate.
 37280 | Vaults:1 | Found a huge runed gate.
 37280 | Vaults:1 | Found a huge runed gate.
 37280 | Vaults:1 | Found a huge runed gate.
 37280 | Vaults:1 | Found a huge runed gate.
 37280 | Vaults:1 | Found a huge runed gate.
 37281 | Vaults:1 | Found a huge runed gate.
 37282 | Vaults:1 | Found a huge runed gate.
 37283 | Vaults:1 | Found a huge runed gate.
 37291 | Vaults:1 | Found a huge runed gate.
 37291 | Vaults:1 | Found a huge runed gate.
 37291 | Vaults:1 | Found a huge runed gate.
 37291 | Vaults:1 | Found a huge runed gate.
 37291 | Vaults:1 | Found a huge runed gate.
 37291 | Vaults:1 | Found a huge runed gate.
 37292 | Vaults:1 | Found a huge runed gate.
 37559 | Vaults:1 | Noticed a lich
 37561 | Vaults:1 | Killed a lich
 38084 | Vaults:1 | Received a gift from Okawaru
 38091 | Vaults:1 | Reached XP level 19. HP: 149/182 MP: 29/29
 38461 | Vaults:1 | Found a huge runed gate.
 38497 | Vaults:1 | Reached skill level 20 in Shields
 39536 | Vaults:2 | Identified the +0 kite shield of Magic {Fly Str-2 Dex+3}
                  | (Okawaru gifted it to you on level 2 of the Vaults)
 39536 | Vaults:2 | Received a gift from Okawaru
 40531 | Vaults:2 | Found a staircase to the Crypt.
 40887 | Vaults:3 | Found a flickering gateway to a bazaar.
 40912 | Bazaar   | Entered a bazaar
 40915 | Bazaar   | Found Ocey's Book Shop.
 40926 | Bazaar   | Found Bantauc's Weapon Emporium.
 40938 | Bazaar   | Found Mygehus's Armour Boutique.
 40950 | Bazaar   | Found Gurphayq's Distillery.
 40970 | Bazaar   | Bought the +2 crystal plate armour "Sevumuk" {Slay+3} for
                  | 1600 gold pieces
 40990 | Bazaar   | Bought a potion of curing for 33 gold pieces
 41109 | Vaults:3 | Noticed Mennas
 41121 | Vaults:3 | Killed Mennas
 41122 | Vaults:3 | Reached skill level 21 in Shields
 41336 | Vaults:3 | Identified the +1 plate armour of the Wilderness {Harm rF+
                  | Will+++ Int-5} (Okawaru gifted it to you on level 3 of the
                  | Vaults)
 41336 | Vaults:3 | Received a gift from Okawaru
 41560 | Vaults:3 | Noticed Frederick
 41576 | Vaults:3 | Killed Frederick
 41583 | Vaults:3 | Reached XP level 20. HP: 159/195 MP: 25/31
 42252 | Vaults:3 | Paralysed by a great orb of eyes for 4 turns
 42258 | Vaults:3 | Cast into level 2 of the Abyss (a wizard)
 42551 | Abyss:3  | Noticed a bone dragon
 42568 | Abyss:3  | Killed a bone dragon
 42572 | Vaults:3 | Escaped the Abyss
 43437 | Vaults:4 | Identified the +0 scale mail of Proximity {rCorr Int+2}
                  | (Okawaru gifted it to you on level 4 of the Vaults)
 43437 | Vaults:4 | Received a gift from Okawaru
 43578 | Vaults:4 | Reached skill level 22 in Shields
 43962 | Vaults:4 | Paralysed by an ironbound convoker for 6 turns
 44488 | Vaults:4 | Paralysed by an ironbound convoker for 7 turns
 44508 | Vaults:4 | Received a gift from Okawaru
 44923 | Vaults:5 | Entered Level 5 of the Vaults
 44923 | Vaults:5 | Noticed a golden dragon
 44935 | Vaults:5 | Reached XP level 21. HP: 207/207 MP: 25/32
 44940 | Vaults:5 | Noticed an ancient lich
 44940 | Vaults:5 | Noticed a golden dragon
 44954 | Vaults:5 | Reached skill level 23 in Shields
 44970 | Vaults:5 | Killed a golden dragon
 44972 | Vaults:5 | Killed an ancient lich
 44972 | Vaults:5 | Identified the +5 flail "Killer Bee's Doom" {venom, rElec
                  | rPois Int+5} (Okawaru gifted it to you on level 5 of the
                  | Vaults)
 44972 | Vaults:5 | Received a gift from Okawaru
 44988 | Vaults:5 | Killed a golden dragon
 44997 | Vaults:5 | Gained mutation: You tend to lose your temper in combat. [a
                  | cacodemon]
 44999 | Vaults:5 | Killed from afar by a tengu reaver

Illustrated notes

Levels and vault maps discovered:
D:1:      lightli_arrival_statue_moat, layout_loops_corners
D:2:      layout_rooms, uniq_crazy_yiuf_cottage
D:3:      layout_loops_ring, nicolae_qazlal_eye_of_the_storm
D:4:      kennysheep_big_flooded_room, layout_rooms,
          mainiacjoe_overflow_concentric_impassable, minmay_temple_entry_fiery
D:5:      layout_basic, old_standard_altar, grunt_dithmenos_smoke_and_mirrors,
          hangedman_decor_points, uniq_edmund
D:6:      layout_gridville, fedhas_ov_isle_minmay
D:7:      layout_loops_ring, makhleb_grotto_becter, enter_bailey_5
D:8:      layout_basic, chequers_temple_overflow_statue_of_worship
D:9:      layout_cave_pools, led_xom_imps, erik_lair_dragon,
          nicolae_inconvenience_store, minivault_16, nicolae_shop_firing_range
D:10:     layout_cave_pods
D:11:     layout_cave_pools, david_orc_2, portal_ice_cave_demonic_guard,
          nicolae_trove_entry_isolated, nicolae_tso_carved_into_rock
D:12:     layout_cave_pools, uniq_psyche, uniq_nessos
D:13:     layout_layer_cave, david_vaults_4
D:14:     layout_roguey, minmay_fountain_box, minmay_misc_feat_more_columns,
          led_sif_book
D:15:     grunt_enter_depths_hoard, layout_basic, dk_noncrumbling_2,
          nicolae_hepliaklqana_monster_ancestors, uniq_agnes
Temple:   dshaligram_water_room_temple
Lair:1:   layout_roguey
Lair:2:   layout_chaotic_city
Lair:3:   layout_loops_ring, swamp_mist, guppyfry_snake_entry_island,
          uniq_rupert
Lair:4:   layout_loops_ring, hangedman_tree_tricks,
          chequers_serial_rivers_micro_d
Lair:5:   layout_regular_city, slime_altar_1, serial_bayou_shore_b,
          lemuel_fruit_tree
Lair:6:   gammafunk_lair_ancient_temple, layout_regular_city
Swamp:1:  layout_basic_swamp, serial_swamp_ruin, evilmike_swamp_ruin_house_3,
          evilmike_swamp_ruin_house_1, swamp_pool3, uniq_jorgrun, uniq_donald
Swamp:2:  nicolae_swamp_ascending_descending, layout_basic_swamp,
          evilmike_swamp_ruin_rubble_1, swamp_pool4, grunt_ruined_hall,
          uniq_nikola
Swamp:3:  layout_basic_swamp, nicolae_swamp_round_clearing, swamp_pool4,
          nicolae_swamp_orc_logging_accident
Swamp:4:  swamp_alternative, layout_basic_swamp
Snake:1:  layout_rooms, grunt_megastairs_3, serial_bayou_shore_a, uniq_louise
Snake:2:  layout_layer_cave, serial_bayou_shore_b
Snake:3:  layout_cave_town, nicolae_snake_salamander_stairs
Snake:4:  grunt_snake_rune_pools, layout_cave_town, ebering_ghost_disaster_area,
          nicolae_snake_coiling_death, uniq_aizul, uniq_bai_suzhen
Orc:1:    layout_diamond_mine, basic_altar, lightli_orcish_oven
Orc:2:    st_orc_rangers, layout_diamond_mine, uniq_josephine
Vaults:1: hangedman_vaults_restitches, nicolae_vaults_specimen_jars, door_vault,
          v_misc_30, nicolae_vaults_little_squares_4, ontoclasm_vaults_idyll,
          v_pattern_2, nicolae_vaults_gold_heap, v_alt_pattern_6,
          ontoclasm_vaults_gateway, layout_vaults_omnicross
Vaults:2: ontoclasm_vaults_tryst, nicolae_vaults_stairing_the_circle, v_misc_32,
          minmay_crypt_entry_simple_round, v_rooms_4, kb_rosetta,
          grunt_vaults_twisty, hangedman_vaults_nails, v_pattern_1, v_misc_25,
          vaults_dpeg_diagonal, vaults_room_pools, vaults_room_stairs_pillars,
          layout_vaults_omnibox
Vaults:3: nicolae_vaults_little_squares_1, v_misc_14, vaults_room_fancy_cross,
          nicolae_vaults_little_squares_4, ontoclasm_vaults_eye,
          nicolae_vaults_big_ls, ontoclasm_vaults_pinch, grunt_vaults_trifunnel,
          v_alt_pattern_6, v_misc_19, st_smaller_cells, vaults_room_fours,
          vaults_dpeg_encased_lava, layout_vaults_chaotic_city, serial_shops,
          bzr_entry_customers, uniq_mennas, uniq_frederick
Vaults:4: v_rooms_1, nicolae_vaults_quartermaster, v_misc_3,
          vaults_room_hallway, nicolae_vaults_triangles, v_misc_30,
          layout_vaults_omnigrid
Vaults:5

Skill      XL: |  1  2  3  4  5  6  7  8  9 10 11 12 13 14 15 16 17 18 19 20 21 |
---------------+----------------------------------------------------------------+-----
Armour         | 4 5 6 7 8 10 12 13 14 15 16 17 18 | 18.3
Fighting       | 4 5 6 7 9 10 12 14 15 16 17 19 20 22 | 22.9
Shields        | 4 5 6 7 8 10 13 16 17 19 21 22 23 | 23.3
Axes           | 3 4 6 7 8 16 17 18 19 | 19.6
Invocations    | 1 3 5 6 8 9 10 12 13 14 15 16 17 | 17.6
Maces & Flails | 1 3 5 |  5.8
Polearms       | 6 |  6.0

Action                   |  1- 3 |  4- 6 |  7- 9 | 10-12 | 13-15 | 16-18 | 19-21 || total
-------------------------+-------+-------+-------+-------+-------+-------+-------++-------
Melee: War axe           |    52 |    41 |   142 |   307 |       |       |       ||   542
       Headbutt          |     2 |     6 |    29 |   108 |   217 |   278 |   269 ||   909
       Hand axe          |       |       |       |    30 |       |       |       ||    30
       Whip              |       |       |       |    51 |    42 |       |       ||    93
       Broad axe         |       |       |       |   114 |   888 |   936 |   860 ||  2798
       Trident           |       |       |       |       |       |   257 |       ||   257
Invok: Heroism           |       |       |     1 |     2 |     7 |    10 |     6 ||    26
       Finesse           |       |       |       |     1 |     5 |    12 |     6 ||    24
       Duel              |       |       |       |       |       |     2 |       ||     2
  Use: Potion            |       |     1 |     1 |     3 |     4 |    14 |     5 ||    28
       Scroll            |       |       |     5 |    11 |     2 |    18 |       ||    36
 Stab: Distracted        |       |       |       |       |     1 |       |       ||     1
Armor: Scale mail        |    10 |       |       |       |       |       |       ||    10
       Plate armour      |    22 |    21 |       |       |   437 |   428 |    81 ||   989
       Chain mail        |       |     4 |    88 |   339 |    71 |       |       ||   502
       Crystal plate arm |       |       |       |       |       |       |   183 ||   183
Dodge: Dodged            |    25 |    14 |    49 |   223 |   222 |   173 |    89 ||   795
       Repelled          |       |       |       |       |     3 |       |       ||     3
Block: Buckler           |    11 |     6 |    24 |   128 |   245 |       |       ||   414
       Tower shield      |       |       |       |       |   478 |  1268 |   794 ||  2540
       Reflection        |       |       |       |       |   116 |   146 |    63 ||   325
